 Dungeon Crawl Stone Soup version 0.27.0-1-g7a089689b8 (webtiles) character file.

Game seed: 2922728631948355652

287 nxtlvl the Poker (level 6, 0/38 (44) HPs)
             Began as a Human Gladiator on Aug 4, 2021.
             Slain by a wight (8 damage)
             ... on level 6 of the Dungeon.
             The game lasted 00:17:40 (1140 turns).

nxtlvl the Poker (Human Gladiator)                  Turns: 1140, Time: 00:17:40

HP:   0/38 (44)     AC: 17    Str: 15    XL:     6   Next: 56%
MP:   6/6           EV:  7    Int:  8    God:
Gold: 89            SH:  0    Dex: 16    Spells: 5/5 levels left

rFire    . . .     SeeInvis .   a - +0 trident
rCold    + . .     Faith    .   (no shield)
rNeg     . . .     Spirit   .   m - +0 chain mail
rPois    +         Reflect  .   c - +0 helmet
rElec    .         Harm     .   (no cloak)
rCorr    .         Rampage  .   (no gloves)
Will     .....                  (no boots)
Stlth    ..........             (no amulet)
HPRegen  0.12/turn              d - ring "Ycof" {rPois rC+ AC+4}
MPRegen  0.10/turn              i - +4 ring of protection

@: heavily drained
A: no striking features
a: no special abilities


You were on level 6 of the Dungeon.
You visited 1 branch of the dungeon, and saw 7 of its levels.

You collected 89 gold pieces.

Inventory:

Hand Weapons
 a - a +0 trident (weapon)
Missiles
 n - 19 sling bullets
Armour
 b - a +0 leather armour
 c - a +0 helmet (worn)
 m - a +0 chain mail (worn)
Jewellery
 d - the ring "Ycof" (left hand) {rPois rC+ AC+4}
   (You found it on level 5 of the Dungeon)

   [ring of protection]

   AC:        It affects your AC (+4).
   rC:        It protects you from cold.
   rPois:     It protects you from poison.
 i - a +4 ring of protection (right hand)
Wands
 q - a wand of iceblast (4)
Scrolls
 e - a scroll of holy word {unknown}
 f - 2 scrolls of identify {unknown}
 g - 2 scrolls of fear {unknown}
 h - a scroll of summoning {unknown}
 j - a scroll of enchant weapon {unknown}
 k - a scroll of noise {unknown}
 l - a scroll of amnesia {unknown}
 o - a scroll of blinking {unknown}
 p - a scroll of magic mapping {unknown}


   Skills:
 + Level 2.1 Fighting
 * Level 6.6 Polearms
 - Level 2.1 Throwing
 + Level 3.3 Dodging


You had 5 spell levels left.
You didn't know any spells.
Your spell library contained the following spells:

 Spells                   Type           Power      Damage    Failure   Level
 Blink                    Tloc           N/A        N/A       100%        2
 Lesser Beckoning         Tloc           0%         N/A       100%        3
 Manifold Assault         Tloc           0%         N/A       100%        5


Dungeon Overview and Level Annotations

Branches:
Dungeon (7/15)
 Temple: D:4-7

Altars:
Dithmenos
Okawaru

Annotations:
D:4 Blork the orc
D:5 exclusion: upstairs
D:7 exclusion: upstairs


Message History

A wight comes into view. It is wielding a +1 flail of draining.
Found a gold wand.
You hit the gnoll.
The gnoll is moderately wounded.
The gnoll hits you but does no damage.
You barely miss the gnoll.
The gnoll is moderately wounded.
The gnoll hits you but does no damage.
You closely miss the gnoll.
The gnoll is moderately wounded.
The gnoll closely misses you.
You puncture the gnoll!
You kill the gnoll!
You hit the wight.
The wight is moderately damaged.
The wight hits you but does no damage.
You feel drained.
You hit the wight.
The wight is heavily damaged.
The wight hits you with a +1 flail of draining.
You feel drained.
You closely miss the wight.
The wight is heavily damaged.
The wight hits you with a +1 flail of draining!
You feel drained.
You hit the wight but do no damage.
The wight is heavily damaged.
The wight hits you with a +1 flail of draining!
* * * LOW HITPOINT WARNING * * *
You feel drained.
* * * LOW HITPOINT WARNING * * *
Found a scroll labelled OLIUCV DAZI.
A wight comes into view. It is wielding a +0 battleaxe.
Found 13 gold pieces.
You see here a wand of iceblast (4).
q - a wand of iceblast (4)
The wight hits you but does no damage.
You feel drained.
A wight comes into view.
It is wielding a +3 halberd of freezing.
The wight barely misses you.
The wight hits you with a +1 flail of draining!
You die...

### #.. #.# ...
#.# #.# #
###@##.#.#.
####.z....$...
#.....z.?....#
#.##.##z....##
#.##.# .##.#.#
##.##.##.##....
#...)..........
#.#######.#....
... #... #


You could see 3 wights.

Vanquished Creatures
  Menkaure (D:4)
  A bullfrog zombie (D:4)
  A centaur skeleton (D:5)
  Jessica (D:3)
  An iguana (D:4)
  A hound skeleton (D:4)
  A gnoll (D:6)
  An adder (D:3)
  2 orcs
  2 ball pythons
  2 endoplasms (D:2)
  2 giant cockroaches
  3 goblins
  3 hobgoblins
  2 jackals (D:2)
  2 kobolds
  A quokka (D:5)
  A bat (D:3)
  A frilled lizard (D:2)
  A rat (D:3)
30 creatures vanquished.

Notes
Turn   | Place    | Note
-------+----------+-------------------------------------------
     0 | D:1      | nxtlvl the Human Gladiator began the quest for the Orb.
     0 | D:1      | Reached XP level 1. HP: 16/16 MP: 1/1
   112 | D:2      | Reached XP level 2. HP: 21/22 MP: 2/2
   295 | D:4      | Noticed Blork the orc
   339 | D:3      | Reached XP level 3. HP: 14/27 MP: 3/3
   416 | D:3      | Noticed Jessica
   420 | D:3      | Killed Jessica
   421 | D:3      | Reached skill level 4 in Polearms
   421 | D:3      | Reached XP level 4. HP: 12/33 MP: 4/4
   744 | D:4      | Noticed Menkaure
   751 | D:4      | Reached skill level 5 in Polearms
   751 | D:4      | Reached XP level 5. HP: 17/38 MP: 5/5
   757 | D:4      | Killed Menkaure
   758 | D:4      | Reached skill level 6 in Polearms
   758 | D:4      | Reached XP level 6. HP: 6/44 MP: 6/6
   770 | D:5      | Entered Level 5 of the Dungeon
   898 | D:5      | Identified the ring "Ycof" {rPois rC+ AC+4}
   911 | D:5      | Noticed a black bear
   984 | D:5      | Noticed an ice beast
   998 | D:5      | Found a shadowy altar of Dithmenos.
  1000 | D:5      | Found an iron altar of Okawaru.
  1028 | D:6      | Noticed an ogre
  1040 | D:6      | Noticed an ogre
  1079 | D:7      | Noticed an ogre
  1140 | D:6      | Slain by a wight

Illustrated notes

Levels and vault maps discovered:
D:1:      dpeg_arrival_orchard, layout_rooms, basic_ecumenical_altar,
          serial_shops, shop, amcnicky_mini_corridor_feature, glass_columns_c
D:2:      layout_basic
D:3:      layout_basic, serial_shops, shop, uniq_crazy_yiuf_cottage,
          uniq_jessica
D:4:      layout_basic, uniq_blork_the_orc, uniq_sigmund, uniq_menkaure
D:5:      layout_basic, chequers_temple_overflow_statue_of_worship,
          solitary_fountain, minmay_misc_feat_ornament
D:6:      layout_loops_ring
D:7:      layout_cave_pools, minmay_temple_entry_gardened_gates,
          corexii_checkpoint_a

Skill      XL: |  1  2  3  4  5 |
---------------+----------------+-----
Polearms       | 4 5 6 |  6.6
Fighting       | |  2.1
Throwing       | |  2.1
Dodging        | |  3.3

Action                   |  1- 3 |  4- 6 || total
-------------------------+-------+-------++-------
Melee: Trident           |    60 |    74 ||   134
Throw: Throwing net      |     3 |     6 ||     9
  Use: Potion            |       |     1 ||     1
 Stab: Held in net/web   |       |     6 ||     6
       Sleeping          |       |     2 ||     2
Armor: Leather armour    |    15 |     2 ||    17
       Chain mail        |       |    19 ||    19
Dodge: Dodged            |    26 |    18 ||    44
